 Dungeon Crawl Stone Soup version 0.30-a0-830-gfe289a77b0 (webtiles) character file.

Game seed: 9653239600600261625

128 ytrimaz the Trooper (level 5, -5/57 HPs)
             Began as an Ogre Monk on Feb 28, 2023.
             Splashed by a jelly's acid (7 damage)
             ... on level 4 of the Dungeon.
             The game lasted 00:02:24 (2602 turns).

ytrimaz the Trooper (Ogre Monk)                     Turns: 2602, Time: 00:02:25

Health: -5/57      AC: -17   Str: 17    XL:     5   Next: 12%
Magic:  5/5        EV: 10    Int: 11    God:
Gold:   204        SH:  0    Dex: 11    Spells: 4/4 levels left

rFire   . . .      SeeInvis .    a - +1 mace (freeze)
rCold   . . .      Faith    .    (no shield)
rNeg    . . .      Spirit   .    b - +0 robe
rPois   .          Reflect  .    (helmet restricted)
rElec   .          Harm     .    (no cloak)
rCorr   .          Rampage  .    (gloves unavailable)
Will    .....                    (boots unavailable)
Stlth   ++                       l - amulet of regeneration
HPRegen 1.09/turn                (no ring)
MPRegen 0.09/turn                (no ring)

@: corroded
A: large, unfitting armour, tough skin 1
a: no special abilities


You were on level 4 of the Dungeon.
You visited 1 branch of the dungeon, and saw 4 of its levels.

You collected 204 gold pieces.


Innate Abilities, Weirdness & Mutations

You are too large for most types of armour.
You have tough skin. (AC +1)


   Skills:
 + Level 5.3 Fighting
 * Level 4.4 Maces & Flails
 - Level 2.6 Dodging
 - Level 1.4 Stealth


You had 4 spell levels left.
You didn't know any spells.
Your spell library contained the following spells:

 Spells                   Type           Power      Damage    Failure   Level
 Magic Dart               Conj           0%         1d3       34%         1
 Necrotise                Necr           0%         1d4       34%         1
 Searing Ray              Conj           0%         2d4       47%         2
 Dazzling Flash           Conj/Hex       0%         N/A       71%         3
 Ignite Poison            Fire/Tmut/Pois 0%         N/A       71%         3
 Kindle Blastsparks       Fire/Tloc/Air  0%         2d10      71%         3
 Vampiric Draining        Necr           0%         2d6       71%         3
 Fulminant Prism          Conj/Hex       0%         3d5       98%         4
 Agony                    Necr           0%         N/A       100%        5
 Freezing Cloud           Conj/Ice/Air   0%         6-21      100%        5
 Iskenderun's Battlesphe  Conj           0%         2d6       100%        5
 Silence                  Hex/Air        0%         N/A       100%        5
 Iron Shot                Conj/Erth      0%         9d1       100%        6
 Spellforged Servitor     Conj/Summ      0%         N/A       100%        7

Inventory:

Hand Weapons
 a - a +1 mace of freezing (weapon)
Armour
 b - a +0 robe (worn)
Jewellery
 l - an amulet of regeneration (around neck)
   (You found it on level 3 of the Dungeon)
Scrolls
 d - 3 scrolls of teleportation
 m - a scroll of fear {unknown}
 n - a scroll of immolation {unknown}
 o - a scroll of enchant weapon
Potions
 f - a potion of degeneration {unknown}
 g - a potion of curing {unknown}
 h - a potion of berserk rage {unknown}
 i - a potion of attraction {unknown}
 j - 3 potions of flight {unknown}
 k - a potion of mutation {unknown}

Dungeon Overview and Level Annotations

Branches:
Dungeon (4/15) Zot: 21376
 Temple: D:4-7

Altars:
Elyvilon

Annotations:
D:4 1 runed translucent door

#>.........#
#####.###......#
##.....###......#
#>......##......#
##.###..#......##
#.............#
#...#.........#
#...#.....########
#@###.......###...
#.J.'...#.#†.##...
#####...#.....#...
#.......###.......
#.##.J..# ##......
#...(.### #......
#.#...# #.....# ..
#.... #...... ..
....# ####.##


You could see a jelly.


Message History

The ufetubus barely misses you. 😨 HP[+1]
You miss the ufetubus. The ufetubus barely misses you. x3
The ufetubus hits you.
* * * LOW HITPOINT WARNING * * *
You sock the ufetubus!
You kill the ufetubus!
You have reached level 5! 😨 HP[+4] MP[+1]
You now have 57 max hp (+7).
You regained 4 hp, and now have 18/57 hp.
Your mp is fully restored (5).
You are confused.
You feel invigorated. The quokka barely misses you. The quokka bites you.
* * * LOW HITPOINT WARNING * * *
😨 HP[+2]
You regained 2 hp, and now have 20/57 hp.
The quokka closely misses you. 😨 HP[+6]
You regained 6 hp, and now have 26/57 hp.
The quokka bites you.
* * * LOW HITPOINT WARNING * * *
😨 HP[+2]
You regained 2 hp, and now have 28/57 hp.
The quokka bites you but does no damage. 😮 HP[+4]
You regained 4 hp, and now have 32/57 hp.
The quokka bites you but does no damage. 😮 HP[+5]
You regained 5 hp, and now have 37/57 hp.
The quokka barely misses you. The quokka closely misses you. 😕 HP[+7]
You regained 7 hp, and now have 44/57 hp.
The quokka completely misses you. 😕 HP[+6]
You regained 6 hp, and now have 50/57 hp.
You miss the quokka. The quokka barely misses you. 😎 HP[+7]
Your hp is fully restored (57).
Unknown command.
You feel less invigorated.
You feel less confused.
You hit the quokka. You freeze the quokka.
The quokka bites you but does no damage.
The quokka bites you. 😕 HP[-1]
You take 1 damage, and now have 56/57 hp.
Unknown command.
You sock the quokka! You freeze the quokka.
You kill the quokka! 😎 HP[+1]
Your hp is fully restored (57).
You closely miss the adder. The adder closely misses you.
The adder bites you. 😕 HP[-2]
You take 2 damage, and now have 55/57 hp.
You hit the adder but do no damage.
The adder closely misses you. x2 😕 HP[+1]
You hit the adder.
The adder seems to slow down.
You freeze the adder. The adder barely misses you. 😎 HP[+1]
Your hp is fully restored (57).
Unknown command.
You sock the adder!
The adder seems to slow down.
You freeze the adder.
You kill the adder!
You thump the jelly! You freeze the jelly. The acid corrodes you!
Your hands burn!
The jelly hits you.
You are splashed with acid. 😕 HP[-10]
You take 10 damage, and now have 47/57 hp.
You hit the jelly. You freeze the jelly. The acid corrodes you!
Your hands burn!
The jelly hits you.
You are splashed with acid! 😮 HP[-9]
You take 9 damage, and now have 38/57 hp.
You hit the jelly but do no damage. The acid corrodes you!
Your hands burn!
The jelly hits you.
You are splashed with acid! 😮 HP[-9]
You take 9 damage, and now have 29/57 hp.
You hit the jelly but do no damage.
Your hands burn!
* * * LOW HITPOINT WARNING * * *
The jelly hits you.
* * * LOW HITPOINT WARNING * * *
You are splashed with acid!
* * * LOW HITPOINT WARNING * * *
Unknown command. 😨 HP[-14]
You take 14 damage, and now have 15/57 hp.
MASSIVE DAMAGE!! (PAUSE)
You hit the jelly but do no damage. The acid corrodes you!
Your hands burn!
* * * LOW HITPOINT WARNING * * *
The jelly completely misses you. The jelly hits you.
* * * LOW HITPOINT WARNING * * *
You are splashed with acid.
* * * LOW HITPOINT WARNING * * *
😱 HP[-7]
You take 7 damage, and now have 8/57 hp.
You hit the jelly but do no damage.
Your hands burn!
* * * LOW HITPOINT WARNING * * *
The jelly hits you.
* * * LOW HITPOINT WARNING * * *
The acid corrodes you!
You are splashed with acid!
You die...

Skill      XL: |  1  2  3 |
---------------+----------+-----
Maces & Flails | 3 4 |  4.4
Fighting       | 5 |  5.3
Dodging        | |  2.6
Stealth        | |  1.4

Action                     |  1- 3 |  4- 6 || total
---------------------------+-------+-------++-------
  Melee: Mace              |    76 |    20 ||    96
    Use: Scroll            |     5 |       ||     5
         Potion            |     1 |     1 ||     2
   Stab: Sleeping          |     3 |       ||     3
 Armour: Robe              |    15 |     5 ||    20
  Dodge: Dodged            |    33 |    31 ||    64

Levels and vault maps discovered:
D:1:      dpeg_arrival_ternary, layout_basic
D:2:      layout_basic
D:3:      layout_loops_ring, basic_ecumenical_altar, serial_glass,
          glass_columns_b, glass_columns_a, feat_on_display,
          minmay_strange_pillars, due_unseen_surprise
D:4:      layout_basic, kennysheep_mini, minmay_temple_entry_oklob,
          serial_shops, shop, ebering_ghost_sewer_f, kennysheep_generic_room_6

Notes
Turn   | Place    | Note
-------+----------+-------------------------------------------
     0 | D:1      | ytrimaz the Ogre Monk began the quest for the Orb.
     0 | D:1      | Reached XP level 1. HP: 24/24 MP: 1/1
     0 | D:1      | magus.rc [v1.9.6]
   272 | D:1      | Reached skill level 3 in Maces & Flails
   281 | D:1      | Reached XP level 2. HP: 32/32 MP: 2/2
   334 | D:1      | You add the spells Kindle Blastsparks, Ignite Poison and
                  | Freezing Cloud to your library.
  1044 | D:2      | Reached XP level 3. HP: 39/40 MP: 3/3
  1062 | D:2      | You pick up a book of Conjurations and begin reading...
  1062 | D:2      | You add the spells Magic Dart, Searing Ray and Fulminant
                  | Prism to your library.
  1302 | D:2      | You pick up a book of Power and begin reading...
  1302 | D:2      | You add the spells Iskenderun's Battlesphere, Iron Shot and
                  | Spellforged Servitor to your library.
  1859 | D:3      | You pick up a book of Necromancy and begin reading...
  1859 | D:3      | You add the spells Necrotise, Vampiric Draining and Agony
                  | to your library.
  1871 | D:3      | You pick up a book of the Senses and begin reading...
  1871 | D:3      | You add the spells Dazzling Flash and Silence to your
                  | library.
  2172 | D:3      | Found a faded altar of an unknown god.
  2404 | D:4      | Found a runed translucent door.
  2429 | D:4      | Found a white marble altar of Elyvilon.
  2519 | D:4      | Noticed a scorpion
  2528 | D:4      | Killed a scorpion
  2529 | D:4      | Reached skill level 5 in Fighting
  2529 | D:4      | Reached skill level 4 in Maces & Flails
  2529 | D:4      | Reached XP level 4. HP: 43/50 MP: 4/4
  2582 | D:4      | Reached XP level 5. HP: 18/57 MP: 5/5
  2601 | D:4      | HP: 13/57 [acid (2)]
  2602 | D:4      | HP: 4/57 [acid (4)]
  2602 | D:4      | Splashed by a jelly's acid

Vanquished Creatures
  A scorpion (D:4)
  3 adders
  An ufetubus (D:4)
  A worm (D:2)
  2 orcs
  2 ball pythons
  5 bats
  2 endoplasms
  3 goblins
  2 hobgoblins
  4 kobolds
  2 quokkas
  2 frilled lizards
  5 rats
35 creatures vanquished.

Vanquished Creatures (others)
  24 plants (D:4)
24 creatures vanquished.

Grand Total: 59 creatures vanquished

Table legend:
 A = Non-vault XP
 B = Vault XP
 C = Vault XP percentage of total XP
 D = Non-vault monster count
 E = Vault monster count
 F = Vault count percentage of total count
                 A         B        C        D         E       F
            +---------+---------+-------+---------+---------+-------
      Total |     184 |       0 |   0.0 |      35 |       0 |   0.0
            +---------+---------+-------+---------+---------+-------
        D:1 |      19 |       0 |   0.0 |      12 |       0 |   0.0
        D:2 |      28 |       0 |   0.0 |       9 |       0 |   0.0
        D:3 |      13 |       0 |   0.0 |       7 |       0 |   0.0
        D:4 |     124 |       0 |   0.0 |       7 |       0 |   0.0
            +---------+---------+-------+---------+---------+-------

Illustrated notes

Table legend:
 A = Kills in this place as a percentage of kills in the entire game.
 B = Kills by you in this place as a percentage of kills by you in the entire game.
 C = Kills by friends in this place as a percentage of kills by friends in the entire game.
 D = Other kills in this place as a percentage of other kills in the entire game.
 E = Experience gained in this place as a percentage of experience gained in the entire game.
 F = Experience gained in this place divided by the number of levels of this place that you have seen.
                   A       B       C       D       E      F
               +-------+-------+-------+-------+-------+----------------------
         Total | 100.0 | 100.0 |   N/A |   N/A | 100.0 |  46.0
       Dungeon | 100.0 | 100.0 |   N/A |   N/A | 100.0 |  46.0
               +-------+-------+-------+-------+-------+----------------------

Table legend: (Time is in decaauts)
 A = Elapsed time spent in this place.
 B = Non-inter-level travel time spent in this place.
 C = Inter-level travel time spent in this place.
 D = Time resting spent in this place.
 E = Time spent auto-exploring this place.
 F = Levels seen in this place.
 G = Mean time per level.
                   A        B        C        D        E       F      G
               +--------+--------+--------+--------+--------+-----+--------+
         Total |   2622 |   2549 |     73 |     31 |   2181 |   4 |  655.5 |
       Dungeon |   2622 |   2549 |     73 |     31 |   2181 |   4 |  655.5 |
               +--------+--------+--------+--------+--------+-----+--------+

Top non-repeatable levels by time:
     D:1: 955 daAuts
     D:3: 758 daAuts
     D:2: 705 daAuts
     D:4: 203 daAuts
